TOP OF THE 1ST |
Oakland Ducks batting - Pitching for Sacramento Miners : RHP Theodore Waller
|
Pitching: RHP Theodore Waller
|
|
Batting: LHB Boris Taylor
|
0-0: Ball 1-0: SINGLE (Line Drive, 34D, EV 102.5 MPH)
|
Batting: RHB Toy Syratt
|
0-0: Ball 1-0: Sac Bunt to 23 - play at first, batter OUT! 3-4 Boris Taylor to second
|
Batting: LHB Leopold Exley
|
0-0: Fly out, F8 (Line Drive, 89M, EV 95.0 MPH)
|
Batting: RHB Dominic Palmer
|
0-0: Ball 1-0: Ball 2-0: Foul Ball, location: 25FF 2-1: Foul Ball, location: 2F 2-2: DOUBLE (Flyball, 8LXD, EV 110.0 MPH) Boris Taylor scores
|
Batting: RHB Walter Maillard
|
0-0: Ball 1-0: Ground out U3 (Groundball, 34, EV 80.0 MPH)
|
Top of the 1st over - 1 run, 2 hits, 0 errors, 1 left on base; Oakland 1 - Sacramento 0 |
BOTTOM OF THE 1ST |
Sacramento Miners batting - Pitching for Oakland Ducks : RHP Gilbert Heaver
|
Pitching: RHP Gilbert Heaver
|
|
Batting: LHB Celestin Thurston
|
0-0: Foul Ball, location: 7LSF 0-1: Ball 1-1: Called Strike 1-2: Foul Ball, location: 7LSFF 1-2: Ball 2-2: Ball 3-2: Ground out 5-3 (Groundball, 5, EV 103.8 MPH)
|
Batting: RHB Edward Oakden
|
0-0: Ground out 4-3 (Groundball, 4MD, EV 96.3 MPH)
|
Batting: LHB Clair Watson
|
0-0: Ball 1-0: Called Strike 1-1: Called Strike 1-2: Foul Ball, location: 2F 1-2: Fly out, F8 (Line Drive, 8LD, EV 83.1 MPH)
|
Bottom of the 1st over - 0 runs, 0 hits, 0 errors, 0 left on base; Oakland 1 - Sacramento 0 |
TOP OF THE 2ND |
Oakland Ducks batting - Pitching for Sacramento Miners : RHP Theodore Waller
|
Batting: SHB Melville Robinson
|
0-0: Ball 1-0: Foul Ball, location: 2F 1-1: Called Strike 1-2: SINGLE (Line Drive, 78M, EV 91.9 MPH)
|
Batting: RHB John Ledwidge
|
0-0: Called Strike Melville Robinson steals 2nd base 0-1: Swinging Strike 0-2: Ball 1-2: Ball 2-2: Foul Ball, location: 2F 2-2: Fly out, F7 (Line Drive, 78M, EV 101.3 MPH)
|
Batting: SHB Lewis Tunstall
|
0-0: Called Strike 0-1: Ball 1-1: Foul Ball, location: 5DF 1-2: Ball 2-2: Ball 3-2: Strikes out swinging
|
Batting: RHB Gilbert Heaver
|
0-0: Ball 1-0: Ball 2-0: DOUBLE (Line Drive, 89D, EV 94.4 MPH) Melville Robinson scores
|
Batting: LHB Boris Taylor
|
0-0: Called Strike 0-1: Ball 1-1: Ball 2-1: Ground out 4-3 (Groundball, 4M, EV 89.4 MPH)
|
Top of the 2nd over - 1 run, 2 hits, 0 errors, 1 left on base; Oakland 2 - Sacramento 0 |
BOTTOM OF THE 2ND |
Sacramento Miners batting - Pitching for Oakland Ducks : RHP Gilbert Heaver
|
Batting: LHB Morgan Spencer
|
0-0: Ball 1-0: SINGLE (Line Drive, 7LS, EV 84.4 MPH)
|
Batting: LHB Reinhold Timblick
|
0-0: Swinging Strike 0-1: Ball 1-1: Fielders Choice at 2nd, 4-6 (Groundball, 4S, EV 81.9 MPH)
|
Batting: RHB Bernard Brooks
|
0-0: Ball Reinhold Timblick steals 2nd base 1-0: Called Strike 1-1: Ball 2-1: Ball 3-1: Fly out, F8 (Line Drive, 8RD, EV 86.3 MPH)
|
Batting: RHB Harvey Killick
|
0-0: Foul Ball, location: 7LSF 0-1: SINGLE (Groundball, 34D, EV 98.1 MPH) Reinhold Timblick to third Runner from 3rd tries for Home, SAFE, throw by RF to home
|
Batting: RHB Michele Chapman
|
0-0: Called Strike 0-1: Swinging Strike 0-2: Fly out, F8 (Line Drive, 8LM, EV 102.5 MPH)
|
Bottom of the 2nd over - 1 run, 2 hits, 0 errors, 1 left on base; Oakland 2 - Sacramento 1 |
TOP OF THE 3RD |
Oakland Ducks batting - Pitching for Sacramento Miners : RHP Theodore Waller
|
Batting: RHB Toy Syratt
|
0-0: Ball 1-0: Called Strike 1-1: Foul Ball, location: 2F 1-2: Ground out 6-3 (Groundball, 6, EV 85.0 MPH)
|
Batting: LHB Leopold Exley
|
0-0: Ball 1-0: Ball 2-0: Called Strike 2-1: Ball 3-1: Called Strike 3-2: Ground out 4-3 (Groundball, 4, EV 79.4 MPH)
|
Batting: RHB Dominic Palmer
|
0-0: Ball 1-0: Fly out, F8 (Line Drive, 78D, EV 91.3 MPH)
|
Top of the 3rd over - 0 runs, 0 hits, 0 errors, 0 left on base; Oakland 2 - Sacramento 1 |
BOTTOM OF THE 3RD |
Sacramento Miners batting - Pitching for Oakland Ducks : RHP Gilbert Heaver
|
Batting: RHB Theodore Waller
|
0-0: Called Strike 0-1: Ball 1-1: Ball 2-1: Swinging Strike 2-2: Ground out 6-3 (Groundball, 6, EV 90.0 MPH)
|
Batting: LHB Celestin Thurston
|
0-0: Ball 1-0: Ball 2-0: Called Strike 2-1: Foul Ball, location: 5F 2-2: Fly out, F7 (Line Drive, 7S, EV 106.3 MPH)
|
Batting: RHB Edward Oakden
|
0-0: Called Strike 0-1: Fly out, F8 (Flyball, 8LD, EV 95.0 MPH)
|
Bottom of the 3rd over - 0 runs, 0 hits, 0 errors, 0 left on base; Oakland 2 - Sacramento 1 |
TOP OF THE 4TH |
Oakland Ducks batting - Pitching for Sacramento Miners : RHP Theodore Waller
|
Batting: RHB Walter Maillard
|
0-0: Called Strike 0-1: Ground out 6-3 (Groundball, 6, EV 85.0 MPH)
|
Batting: SHB Melville Robinson
|
0-0: Foul Ball, location: 2F 0-1: Foul Ball, location: 2F 0-2: Strikes out swinging
|
Batting: RHB John Ledwidge
|
0-0: Ball 1-0: SINGLE (Flyball, 78S, EV 100.0 MPH)
|
Batting: SHB Lewis Tunstall
|
0-0: Ball 1-0: Called Strike 1-1: Called Strike 1-2: Reached on error, E6 (Groundball, 6, EV 102.5 MPH) John Ledwidge to second
|
Batting: RHB Gilbert Heaver
|
0-0: Ball Wild Pitch! John Ledwidge to third Lewis Tunstall to second 1-0: Called Strike 1-1: Foul Ball, location: 9LMF 1-2: Ball 2-2: Strikes out swinging
|
Top of the 4th over - 0 runs, 1 hit, 1 error, 2 left on base; Oakland 2 - Sacramento 1 |
BOTTOM OF THE 4TH |
Sacramento Miners batting - Pitching for Oakland Ducks : RHP Gilbert Heaver
|
Batting: LHB Clair Watson
|
0-0: Ball 1-0: Ball 2-0: SINGLE (Flyball, 89S, EV 93.1 MPH)
|
Batting: LHB Morgan Spencer
|
0-0: Called Strike Clair Watson steals 2nd base 0-1: Ball 1-1: Sac Bunt to 3S - play at first, batter safe! Clair Watson to third
|
Batting: LHB Reinhold Timblick
|
0-0: Ball Morgan Spencer steals 2nd base Balk! Clair Watson scores Morgan Spencer to third 1-0: Ball 2-0: Called Strike 2-1: SINGLE (Line Drive, 7S, EV 108.8 MPH) Morgan Spencer scores
|
Batting: RHB Bernard Brooks
|
0-0: Called Strike Reinhold Timblick is caught stealing 2nd base 2-4 0-1: Ball 1-1: Foul Ball, location: 7LSF 1-2: Foul Ball, location: 5F 1-2: SINGLE (Groundball, 34D, EV 104.4 MPH)
|
Batting: RHB Harvey Killick
|
0-0: Ball 1-0: Called Strike 1-1: Foul Ball, location: 5FF 1-2: Foul Ball, location: 9LSF 1-2: Foul Ball, location: 25F 1-2: Ball 2-2: Foul Ball, location: 7LMF 2-2: Fly out, F8 (Flyball, 8RXD, EV 106.9 MPH)
|
Batting: RHB Michele Chapman
|
0-0: Ball 1-0: Swinging Strike 1-1: Swinging Strike 1-2: Fielders Choice at 2nd, 5-4 (Groundball, 5, EV 86.9 MPH)
|
Bottom of the 4th over - 2 runs, 4 hits, 0 errors, 1 left on base; Oakland 2 - Sacramento 3 |
TOP OF THE 5TH |
Oakland Ducks batting - Pitching for Sacramento Miners : RHP Theodore Waller
|
Batting: LHB Boris Taylor
|
0-0: Ball 1-0: Called Strike 1-1: Ball 2-1: Ball 3-1: Ground out 6-3 (Groundball, 6, EV 105.6 MPH)
|
Batting: RHB Toy Syratt
|
0-0: Ball 1-0: Foul Ball, location: 3FF 1-1: Foul Ball, location: 9LSF 1-2: Ball 2-2: Ground out 6-3 (Groundball, 6, EV 88.1 MPH)
|
Batting: LHB Leopold Exley
|
0-0: Swinging Strike 0-1: Ground out 4-3 (Groundball, 4M, EV 88.1 MPH)
|
Top of the 5th over - 0 runs, 0 hits, 0 errors, 0 left on base; Oakland 2 - Sacramento 3 |
BOTTOM OF THE 5TH |
Sacramento Miners batting - Pitching for Oakland Ducks : RHP Gilbert Heaver
|
Batting: RHB Theodore Waller
|
0-0: Fly out, F9 (Flyball, 89M, EV 99.4 MPH)
|
Batting: LHB Celestin Thurston
|
0-0: Ball 1-0: Called Strike 1-1: Swinging Strike 1-2: Ball 2-2: Foul Ball, location: 9LSF 2-2: Ground out 3-1 (Groundball, 34, EV 93.8 MPH)
|
Batting: RHB Edward Oakden
|
0-0: Ground out 2-3 (Groundball, 15S, EV 61.3 MPH)
|
Bottom of the 5th over - 0 runs, 0 hits, 0 errors, 0 left on base; Oakland 2 - Sacramento 3 |
TOP OF THE 6TH |
Oakland Ducks batting - Pitching for Sacramento Miners : RHP Theodore Waller
|
Batting: RHB Dominic Palmer
|
0-0: Ball 1-0: Called Strike 1-1: Swinging Strike 1-2: Reached on error, E6 (Groundball, 56, EV 75.0 MPH)
|
Batting: RHB Walter Maillard
|
0-0: Called Strike 0-1: Foul Ball, location: 23F Pickoff Throw to First - Error! E1 Dominic Palmer to second 0-2: SINGLE (Line Drive, 6D, EV 70.0 MPH) Dominic Palmer to third Runner from 3rd tries for Home, SAFE, throw by CF to home
|
Batting: SHB Melville Robinson
|
0-0: Ball 1-0: Called Strike Walter Maillard is caught stealing 2nd base 2-6 1-1: Fly out, F8 (Flyball, 89S, EV 94.4 MPH)
|
Batting: RHB John Ledwidge
|
0-0: Called Strike 0-1: Foul Ball, location: 23F 0-2: Ball 1-2: Ball 2-2: Ground out 6-3 (Groundball, 6S, EV 71.9 MPH)
|
Top of the 6th over - 1 run, 1 hit, 2 errors, 0 left on base; Oakland 3 - Sacramento 3 |
BOTTOM OF THE 6TH |
Sacramento Miners batting - Pitching for Oakland Ducks : RHP Gilbert Heaver
|
Batting: LHB Clair Watson
|
0-0: Foul Ball, location: 2F 0-1: Ball 1-1: Swinging Strike 1-2: Ground out 4-3 (Groundball, 34D, EV 95.6 MPH)
|
Batting: LHB Morgan Spencer
|
0-0: Foul Ball, location: 2F 0-1: SINGLE (Line Drive, 5D, EV 104.4 MPH)
|
Batting: LHB Reinhold Timblick
|
0-0: Called Strike Morgan Spencer steals 2nd base 0-1: Ball 1-1: Intentional Walk
|
Batting: RHB Bernard Brooks
|
0-0: Called Strike Morgan Spencer steals 3rd base (no throw) 0-1: Fly out, F7 (Flyball, 7, EV 81.9 MPH) Runner from 3rd tags up, SCORES, no throw by LF
|
Batting: RHB Harvey Killick
|
0-0: Called Strike 0-1: Ball Reinhold Timblick steals 2nd base 1-1: Intentional Walk
|
Batting: RHB Michele Chapman
|
0-0: Ball 1-0: Ball 2-0: Called Strike 2-1: Ball 3-1: Base on Balls Reinhold Timblick to third Harvey Killick to second
|
Batting: RHB Theodore Waller
|
0-0: Ball 1-0: SINGLE (Flyball, 7LM, EV 97.5 MPH) Reinhold Timblick scores Harvey Killick to third Michele Chapman to second Runner from 3rd tries for Home, SAFE, throw by LF to home
|
Batting: LHB Celestin Thurston
|
0-0: Ball 1-0: Ground out U3 (Groundball, 3L, EV 88.1 MPH)
|
Bottom of the 6th over - 3 runs, 2 hits, 0 errors, 2 left on base; Oakland 3 - Sacramento 6 |
TOP OF THE 7TH |
Oakland Ducks batting - Pitching for Sacramento Miners : RHP Theodore Waller
|
Batting: SHB Lewis Tunstall
|
0-0: Foul Ball, location: 3SF 0-1: Ball 1-1: Ball 2-1: Ground out 4-3 (Groundball, 4M, EV 80.0 MPH)
|
Pinch Hitting: RHB Wilson Keetley
|
0-0: Ball 1-0: Ground out 6-3 (Groundball, 6D, EV 111.3 MPH)
|
Batting: LHB Boris Taylor
|
0-0: Called Strike 0-1: Ball 1-1: Ground out 4-3 (Groundball, 4, EV 88.1 MPH)
|
Top of the 7th over - 0 runs, 0 hits, 0 errors, 0 left on base; Oakland 3 - Sacramento 6 |
BOTTOM OF THE 7TH |
Sacramento Miners batting - Pitching for Oakland Ducks : RHP Gilbert Heaver
|
Pitching: RHP Arthur Taylor
|
|
Batting: RHB Edward Oakden
|
0-0: Foul Ball, location: 9LDF 0-1: Foul Ball, location: 3SF 0-2: Ball 1-2: Foul Ball, location: 7LSFF 1-2: SINGLE (Flyball, 89S, EV 90.0 MPH)
|
Batting: LHB Clair Watson
|
0-0: Foul Ball, location: 2F 0-1: Ball 1-1: Swinging Strike 1-2: SINGLE (Line Drive, 4M, EV 107.5 MPH) Edward Oakden to second
|
Batting: LHB Morgan Spencer
|
0-0: Called Strike 0-1: Ball 1-1: Sac Bunt to 13 - play at first, batter OUT! 1-4 Edward Oakden to third Clair Watson to second
|
Batting: LHB Reinhold Timblick
|
0-0: Intentional Walk
|
Batting: RHB Bernard Brooks
|
0-0: Ball 1-0: Ball 2-0: Ball 3-0: Called Strike 3-1: SINGLE (Line Drive, 9LM, EV 88.8 MPH) Edward Oakden scores Clair Watson to third Reinhold Timblick to second
|
Batting: RHB Harvey Killick
|
0-0: Ball 1-0: Ball 2-0: Fly out, F7 (Flyball, 7LS, EV 90.0 MPH)
|
Batting: RHB Michele Chapman
|
0-0: Foul Ball, location: 2LF 0-1: Ball 1-1: Fly out, F9 (Line Drive, 9S, EV 86.9 MPH)
|
Bottom of the 7th over - 1 run, 3 hits, 0 errors, 3 left on base; Oakland 3 - Sacramento 7 |
TOP OF THE 8TH |
Oakland Ducks batting - Pitching for Sacramento Miners : RHP Theodore Waller
|
Batting: RHB Toy Syratt
|
0-0: Ball 1-0: Ball 2-0: Fly out, F7 (Flyball, 7D, EV 102.5 MPH)
|
Batting: LHB Leopold Exley
|
0-0: Called Strike 0-1: Ground out 4-3 (Groundball, 4M, EV 103.1 MPH)
|
Batting: RHB Dominic Palmer
|
0-0: Called Strike 0-1: Ball 1-1: Foul Ball, location: 7LDF 1-2: Ball 2-2: Ball 3-2: Foul Ball, location: 5F 3-2: Ground out 5-3 (Groundball, 56S, EV 86.3 MPH)
|
Top of the 8th over - 0 runs, 0 hits, 0 errors, 0 left on base; Oakland 3 - Sacramento 7 |
BOTTOM OF THE 8TH |
Sacramento Miners batting - Pitching for Oakland Ducks : RHP Arthur Taylor
|
Pinch Hitting: RHB Cyril Clarke
|
0-0: Ball 1-0: Called Strike 1-1: Fly out, F6 (Line Drive, 4MD, EV 70.6 MPH)
|
Batting: LHB Celestin Thurston
|
0-0: Ball 1-0: Ball 2-0: Called Strike 2-1: Ball 3-1: Foul Ball, location: 7LDF 3-2: Ground out 5-3 (Groundball, 5, EV 84.4 MPH)
|
Batting: RHB Edward Oakden
|
0-0: Ball 1-0: Ball 2-0: Reached on error, E6 (Groundball, 56, EV 82.5 MPH)
|
Batting: LHB Clair Watson
|
0-0: SINGLE (Groundball, 4MD, EV 96.9 MPH) Edward Oakden to third Runner from 3rd tries for Home, SAFE, throw by CF to home Clair Watson to second
|
Batting: LHB Morgan Spencer
|
0-0: Ball 1-0: SINGLE (Line Drive, 8LS, EV 110.6 MPH) Clair Watson to third Runner from 3rd tries for Home, SAFE, throw by CF to home
|
Batting: LHB Reinhold Timblick
|
0-0: Called Strike Morgan Spencer steals 2nd base (no throw) 0-1: Ball 1-1: SINGLE (Groundball, 34, EV 99.4 MPH) (infield hit) Morgan Spencer to third
|
Batting: RHB Bernard Brooks
|
0-0: Foul Ball, location: 2F 0-1: Foul Ball, location: 9LSF 0-2: Ball 1-2: SINGLE (Groundball, 4M, EV 106.9 MPH) (infield hit) Morgan Spencer scores Reinhold Timblick to second
|
Batting: RHB Harvey Killick
|
0-0: Called Strike 0-1: Foul Ball, location: 2F 0-2: Fly out, F7 (Flyball, 7LSF, EV 79.4 MPH)
|
Bottom of the 8th over - 3 runs, 4 hits, 1 error, 2 left on base; Oakland 3 - Sacramento 10 |
TOP OF THE 9TH |
Oakland Ducks batting - Pitching for Sacramento Miners : RHP Theodore Waller
|
Pitching: RHP Kirby Merrick
|
|
Batting: RHB Walter Maillard
|
0-0: Ball 1-0: Ground out 6-3 (Groundball, 56D, EV 103.8 MPH)
|
Pinch Hitting: LHB John Edington
|
0-0: Ball 1-0: Ball 2-0: Called Strike 2-1: Ball 3-1: Base on Balls
|
Batting: RHB John Ledwidge
|
0-0: Ball 1-0: Swinging Strike 1-1: Ball 2-1: Ball 3-1: Base on Balls John Edington to second
|
Batting: SHB Lewis Tunstall
|
0-0: Called Strike 0-1: Foul Ball, location: 25F 0-2: Strikes out swinging
|
Pinch Hitting: RHB Lloyd Whittingham
|
0-0: Ball 1-0: SINGLE (Flyball, 34D, EV 86.9 MPH) John Edington to third John Ledwidge to second
|
Batting: LHB Boris Taylor
|
0-0: Called Strike 0-1: Ball 1-1: Ball 2-1: Ball 3-1: Fly out, F7 (Line Drive, 78S, EV 90.0 MPH)
|
Top of the 9th over - 0 runs, 1 hit, 0 errors, 3 left on base; Oakland 3 - Sacramento 10 |
|